 Dungeon Crawl Stone Soup version 0.29.1-1-gd02db6906a (webtiles) character file.

Game seed: 535197588931161525

136499 RascalDebosk the Eclecticist (level 17, -4/139 HPs)
             Began as a Djinni Conjurer on Oct 23, 2022.
             Was a Believer of Ashenzari.
             Killed from afar by a shock serpent (5 damage)
             ... with an electric aura
             ... on level 4 of the Snake Pit.
             The game lasted 04:55:58 (17761 turns).

RascalDebosk the Eclecticist (Djinni Conjurer)     Turns: 17761, Time: 04:55:59

Health: -4/139     AC:  8    Str: 14    XL:     17   Next: 80%
Gold:   431        EV: 14    Int: 33    God:    Ashenzari [**....] SH: 19 Dex: 17

rFire   + . .      SeeInvis +   P - +1 scimitar (flame)
rCold   . . .      Faith    .   d - +2 tower shield {rN+}
rNeg    + + .      Spirit   .   z - +1 troll leather armour
rPois   ∞          Reflect  .   (no helmet)
rElec   .          Harm     .   h - +0 cloak
rCorr   .          Rampage  .   p - +0 pair of gloves of the Sibylline Sybil {rN+ Str+3, Fort, Self} (curse)
Will    +....                   (boots unavailable)
Stlth   ++........              b - amulet of Toth-Mos's Legacy {Regen+, Self, Cun} (curse)
HPRegen 1.93/turn               K - +6 ring of intelligence
MPRegen 0.00/turn               Q - ring of Star-Bound Wisdom {Ice Str+5 Dex+4, Self, Fort} (curse)

@: flying
A: sickness immunity, fire resistance 2, cold vulnerability 1, float, innate
caster, HP casting, extra vitality 1
a: Renounce Religion, Curse Item, Shatter the Chains


You were on level 4 of the Snake Pit.
You worshipped Ashenzari.
Ashenzari was pleased with you.
You visited 5 branches of the dungeon, and saw 22 of its levels.
You also visited: Bailey and Ice Cave.

You collected 2071 gold pieces.
You spent 1640 gold pieces at shops.

Inventory:

Hand Weapons
 q - a +0 scimitar of venom
 J - a +0 vampiric long sword
 P - a +1 scimitar of flaming (weapon)
Armour
 d - a +2 tower shield of positive energy (worn)
 h - a +0 cloak (worn)
 j - a +2 pair of gloves
 p - the cursed +0 pair of gloves of the Sibylline Sybil (worn) {rN+ Str+3, Fort, Self}
   (You found it on level 10 of the Dungeon)

   Str:       It affects your strength (+3).
   rN:        It protects you from negative energy.
   It has a curse which improves the following skills: Fortitude: Armour and
   Shields.
   Introspection: Fighting and Spellcasting.
 y - a +0 kite shield
 z - a +1 troll leather armour (worn)
Jewellery
 b - the cursed amulet of Toth-Mos's Legacy (around neck) {Regen+, Self, Cun}
   (You found it on level 1 of the Dungeon)

   [amulet of regeneration]

   Regen:     It increases your rate of health regeneration.
   It has a curse which improves the following skills: Introspection: Fighting
   and Spellcasting.
   Cunning:   Dodging and Stealth.
 g - a +4 ring of evasion
 u - a ring of willpower
 K - a +6 ring of intelligence (left hand)
 L - an amulet of reflection
 O - a ring of resist corrosion
 Q - the cursed ring of Star-Bound Wisdom (right hand) {Ice Str+5 Dex+4, Self, Fort}
   (You bought it in a shop on level 2 of the Orcish Mines)

   [ring of ice]

   It enhances your ice magic.
   Str:       It affects your strength (+5).
   Dex:       It affects your dexterity (+4).
   rF:        It makes you vulnerable to fire.
   rC:        It protects you from cold.
   It has a curse which improves the following skills: Introspection: Fighting
   and Spellcasting.
   Fortitude: Armour and Shields.
Wands
 e - a wand of roots (17)
 E - a wand of quicksilver (10)
 M - a wand of paralysis (12)
 R - a wand of polymorph (3)
Scrolls
 a - 3 scrolls of poison
 f - 5 scrolls of fog
 i - a scroll of silence
 t - 18 scrolls of teleportation
 v - 4 scrolls of fear
 w - a scroll of enchant weapon
 A - 2 scrolls of vulnerability
 B - 2 scrolls of immolation
 G - 5 scrolls of magic mapping
 N - a scroll of brand weapon
Potions
 c - 2 potions of heal wounds
 k - 4 potions of might
 l - a potion of cancellation
 m - a potion of ambrosia
 n - 9 potions of curing
 o - 3 potions of haste
 r - a potion of berserk rage
 x - 4 potions of brilliance
 C - a potion of invisibility
 D - 4 potions of attraction
 F - 2 potions of mutation
 I - 2 potions of resistance
Miscellaneous
 s - a tin of tremorstones (2/2)
 H - a piece from Xom's chessboard (15/15)


   Skills:
 + Level 15.9(18.3) Fighting
 + Level 4.2 Long Blades
 - Level 2.9(4.5) Armour
 - Level 8.7(10.0) Dodging
 - Level 1.5(2.4) Stealth
 - Level 8.7(10.6) Shields
 * Level 17.6(19.9) Spellcasting
 - Level 5.0 Evocations


You had 10 spell levels left.
You knew the following spells:

 Your Spells              Type           Power      Damage    Failure   Level
a - Magic Dart            Conj           100%       1d8       0%          1
b - Searing Ray           Conj           100%       2d8       0%          2
c - Dazzling Flash        Conj/Hex       100%       N/A       0%          3
d - Fulminant Prism       Conj/Hex       52%        3d23      1%          4
e - Iskenderun's Mystic   Conj/Tloc      100%       2d19      1%          4
f - Slow                  Hex            100%       N/A       0%          1
g - Static Discharge      Conj/Air       100%       3-16/arc  0%          2
h - Portal Projectile     Hex/Tloc       100%       N/A       0%          3
i - Vampiric Draining     Necr           100%       2d13      0%          3
j - Yara's Violent Unrav  Hex/Tmut       52%        3d20      1%          5
k - Manifold Assault      Tloc           100%       N/A       1%          5
l - Eringya's Noxious Bo  Tmut/Pois      52%        N/A       1%          6
m - Dispersal             Tloc           52%        N/A       1%          6
Your spell library was empty.

Dungeon Overview and Level Annotations

Branches:
Dungeon (11/15)            Temple (1/1) D:5            Lair (4/5) D:11
 Shoals (0/4) Lair:2        Snake (4/4) Lair:2          Orc (2/2) D:11
    Elf (0/3) Orc:2        Bailey (visited)           IceCv (visited)
  Slime: Lair:4-5

Altars:
Ashenzari
Cheibriados
Dithmenos
Elyvilon
Fedhas
Gozag
Hepliaklqana
Makhleb
Nemelex Xobeh
Okawaru
Qazlal
Ru
Trog
Uskayaw
Wu Jian
Xom
Yredelemnul
Zin
The Shining One

Shops:
D:7 ?   Orc:2 :![=   Snake:1 [!=   Snake:2 [=::

Annotations:
D:7 2 transporters, angelusfrater's ghost, novice FoFi
Lair:3 2 transporters
Orc:1 2 transporters, Zeld's ghost, journeyman MiBe


Innate Abilities, Weirdness & Mutations

You are immune to sickness and miasma.
You are immune to poison.
Your flesh is very heat resistant. (rF++)
You are vulnerable to cold. (rC-)
You float through the air rather than walking.
You learn spells naturally, not from books.
Your magical power is your life essence.
You have superior vitality. (+4 MHP)


Message History

(Press . to maintain the ray.)
* * * LOW HITPOINT WARNING * * *
The searing ray hits the naga sharpshooter.
You kill the naga sharpshooter!
The searing ray hits the salamander but does no damage.
The salamander is severely wounded.
* * * LOW HITPOINT WARNING * * *
An anaconda comes into view.
Casting: Searing Ray (safe; 0% risk of failure)
Confirm with . or Enter, or press ? or * to list all spells.
You erupt in a blast of force!
The mystic blast hits the anaconda!!
The anaconda is moderately wounded.
The anaconda is knocked back by the mystic blast.
* * * LOW HITPOINT WARNING * * *
You hear an angry hiss.
You hear a shout!
You hear an angry hiss.
Casting: Iskenderun's Mystic Blast (safe; 1% risk of failure)
Confirm with . or Enter, or press ? or * to list all spells.
Casting: Eringya's Noxious Bog (mildly dangerous; 1% risk of failure)
Press: ? - help, Dir - look around, f - activate You spew toxic sludge!
* * * LOW HITPOINT WARNING * * *
The salamander shoots an arrow.
You block the arrow.
You hear an angry hiss.
A black mamba comes into view.
The salamander shoots an arrow.
You block the arrow.
The salamander shoots an arrow.
You block the arrow.
The salamander shoots an arrow.
You block the arrow.
You hear an angry hiss.
The salamander shoots an arrow.
The arrow barely misses you.
The salamander shoots an arrow.
The arrow hits you!!
* * * LOW HITPOINT WARNING * * *
The arrow burns you.
* * * LOW HITPOINT WARNING * * *
Casting: Eringya's Noxious Bog (mildly dangerous; 1% risk of failure)
Confirm with . or Enter, or press ? or * to list all spells.
Aiming: Fulminant Prism (safe; 1% risk of failure)
Press: ? - help, Dir - move target Out of range.
Okay, then.
Casting: Fulminant Prism (safe; 1% risk of failure)
Confirm with . or Enter, or press ? or * to list all spells.
Aiming: Fulminant Prism (safe; 1% risk of failure)
Press: ? - help, Dir - move target You conjure a prism of explosive energy!
* * * LOW HITPOINT WARNING * * *
A fulminant prism comes into view.
A guardian serpent comes into view.
Casting: Fulminant Prism (safe; 1% risk of failure)
Confirm with . or Enter, or press ? or * to list all spells.
Aiming: Fulminant Prism (safe; 1% risk of failure)
Press: ? - help, Dir - move target You conjure a prism of explosive energy!
* * * LOW HITPOINT WARNING * * *
A fulminant prism comes into view.
The anaconda festers in the toxic bog!
The anaconda looks as sick as possible!
A shock serpent comes into view.
The salamander festers in the toxic bog!
The salamander looks as sick as possible!
Your fulminant prism crackles loudly.
The anaconda festers in the toxic bog!
The anaconda looks as sick as possible!
Casting: Fulminant Prism (safe; 1% risk of failure)
Confirm with . or Enter, or press ? or * to list all spells.
You erupt in a blast of force!
The mystic blast hits the anaconda!!
You kill the anaconda!
* * * LOW HITPOINT WARNING * * *
The black mamba festers in the toxic bog.
The black mamba is poisoned.
The salamander festers in the toxic bog!
The salamander looks as sick as possible!
You kill the salamander!
Your fulminant prism crackles loudly.
Your fulminant prism explodes!
The blast of energy engulfs the guardian serpent!
The guardian serpent is moderately wounded.
The blast of energy engulfs the black mamba!!
You kill the black mamba!
You hear an angry hiss. x3
The guardian serpent festers in the toxic bog.
The guardian serpent is poisoned.
Your fulminant prism explodes!
The blast of energy engulfs the shock serpent!!!
The shock serpent is almost dead.
The blast of energy engulfs the guardian serpent!!!
You kill the guardian serpent!
You hear an angry hiss.
Your noxious spew wanes.
The shock serpent shoots out a bolt of lightning at you!
The bolt of electricity hits you!!
* * * LOW HITPOINT WARNING * * *
A guardian serpent comes into view.
The shock serpent shoots out a bolt of lightning at you!
The bolt of electricity hits you!!
* * * LOW HITPOINT WARNING * * *
Casting: Iskenderun's Mystic Blast (safe; 1% risk of failure)
Confirm with . or Enter, or press ? or * to list all spells.
You erupt in a blast of force!
The mystic blast hits the shock serpent!
You kill the shock serpent!
* * * LOW HITPOINT WARNING * * *
The air sparks with electricity, shocking you!
You die...

, , * #### ~ ####..# ~§§.
#...... ~~ ≈≈≈ * #####
#...... ~ ≈≈≈. ##...##
#######.)....
≈§≈≈.##.....###.....)).....
§≈≈)#.......##.######.....
~~~~ ~≈§.)S......##.#
#...). ~~ ~~ ,#†.†.@..##.#
##.... ~~ ,##.)...###.#
#)... ~~ ##'#...##...#
##.). ~~~ ~ #..'#####'###
#.... , ~ ##...#≈≈≈).#
#.... , , , ##...##≈≈§..#
#...( ##{{{,###..:##≈≈§§.##
#.... .######....##§≈≈..##
#.... .).)......##≈§≈§§##
#....


You could see a guardian serpent.

Vanquished Creatures
  A nagaraja (Snake:4)
  An orc warlord (Orc:2)
  Aizul (Snake:4)
  A stone giant (Orc:2)
  Azrael (Orc:2)
  The ghost of groovy9 the Marksminotaur, a journeyman MiHu of Hepliaklqana (Orc:2)
  Josephine (Orc:2)
  2 salamander tyrants (Snake:4)
  5 hydras
  2 vault guards (Bailey)
  13 naga warriors
  8 two-headed ogres
  13 anacondas
  8 shock serpents
  9 death yaks
  An orc high priest (Orc:2)
  14 naga sharpshooters
  10 salamander mystics
  12 naga ritualists
  3 lindwurms (Snake:4)
  8 orc knights (Orc:2)
  4 orc sorcerers (Orc:2)
  14 mana vipers
  13 salamanders
  A cyclops (Orc:2)
  A manticore (D:11)
  13 elephants
  8 guardian serpents
  8 naga magi
  Joseph (D:9)
  2 merfolk sirens (Lair:2)
  41 black mambas
  9 cane toads
  3 rime drakes (Lair:3)
  2 unseen horrors
  A kobold demonologist (D:11)
  3 komodo dragons
  An ice devil (IceCv)
  6 polar bears
  2 merfolk (Lair:2)
  6 saltlings (Orc:2)
  12 blink frogs
  A slime creature (Lair:4)
  9 trolls
  Prince Ribbit (Bailey)
  2 dire elephant simulacra (IceCv)
  4 wraiths (Orc:2)
  20 yaks
  3 vampires
  3 fire elementals (Orc:2)
  3 humans (Bailey)
  6 wyverns
  A steam dragon (D:8)
  2 basilisks
  3 wargs
  A death yak simulacrum (IceCv)
  49 nagas
  A hell hound (Orc:2)
  A spectral troll (Orc:2)
  12 water moccasins
  4 ice beasts
  17 orc warriors
  3 black bears
  3 sky beasts (D:7)
  An ettin simulacrum (Orc:2)
  6 centaurs
  10 ogres
  A phantom (D:7)
  3 kobold brigands
  19 bullfrogs
  2 necrophages
  2 gnoll sergeants
  3 cane toad simulacra (IceCv)
  A scorpion (D:4)
  A two-headed ogre simulacrum (IceCv)
  13 wights
  4 howler monkeys
  An electric eel (Lair:1)
  2 hounds
  11 jellies
  11 orc priests
  3 iguanas
  30 orc wizards
  3 spectral orcs (Orc:2)
  4 hell rats (Lair:4)
  A troll simulacrum (Orc:2)
  2 polar bear simulacra (IceCv)
  3 wolf simulacra (IceCv)
  13 adders
  9 gnolls
  2 naga simulacra (IceCv)
  A shadow imp (D:6)
  2 white imps
  4 ufetubi
  2 orc simulacra (Orc:2)
  2 worms (D:2)
  81 orcs
  6 ball pythons
  17 endoplasms
  8 goblins
  11 hobgoblins
  2 quokkas (D:1)
  7 bats
  4 frilled lizards
  21 kobolds
  4 rats
  4 fulminant prisms
  5 pillars of salt (Orc:2)
757 creatures vanquished.

Vanquished Creatures (collateral kills)
  A naga warrior (Snake:2)
  A naga ritualist (Snake:2)
  A naga mage (Snake:2)
  2 nagas (Snake:2)
5 creatures vanquished.

Vanquished Creatures (others)
  252 fulminant prisms
  15 fungi
  7 pillars of salt (Orc:2)
  40 plants
314 creatures vanquished.

Grand Total: 1076 creatures vanquished

Notes
Turn   | Place    | Note
-------+----------+-------------------------------------------
     0 | D:1      | RascalDebosk the Djinni Conjurer began the quest for the
                  | Orb.
     0 | D:1      | RascalDebosk set off with the following spells memorised:
                  | Magic Dart, Searing Ray, Dazzling Flash, Fulminant Prism,
                  | Iskenderun's Mystic Blast.
     0 | D:1      | Reached XP level 1. HP: 15/15 MP: 0/0
   136 | D:1      | Reached XP level 2. HP: 22/22 MP: 0/0
   197 | D:1      | Reached skill level 1 in Fighting
   240 | D:1      | Found a faded altar of an unknown god.
   281 | D:1      | Reached XP level 3. HP: 27/27 MP: 0/0
   281 | D:1      | Learned a level 1 spell: Slow
   648 | D:2      | Reached skill level 4 in Spellcasting
   648 | D:2      | Reached XP level 4. HP: 32/32 MP: 0/0
   731 | D:2      | You are sucked into a shaft and drop 2 floors!
   934 | D:3      | Reached XP level 5. HP: 30/38 MP: 0/0
   934 | D:3      | Learned a level 2 spell: Static Discharge
  1331 | D:4      | Noticed a black bear
  1342 | D:4      | Killed a black bear
  1343 | D:4      | Reached XP level 6. HP: 39/46 MP: 0/0
  1398 | D:4      | Reached skill level 5 in Spellcasting
  1648 | D:4      | Reached XP level 7. HP: 49/50 MP: 0/0
  1648 | D:4      | Learned a level 3 spell: Portal Projectile
  1942 | D:4      | Found a broken altar of Ashenzari.
  1946 | D:4      | Became a worshipper of Ashenzari the Shackled
  1948 | D:4      | Found a sacrificial altar of Ru.
  1949 | D:4      | Found a snail-covered altar of Cheibriados.
  1949 | D:4      | Found an iron altar of Okawaru.
  1950 | D:4      | Found a glowing golden altar of the Shining One.
  1951 | D:4      | Found a stormy altar of Qazlal.
  1952 | D:4      | Found a sparkling altar of Nemelex Xobeh.
  1954 | D:4      | Found a shadowy altar of Dithmenos.
  1979 | D:5      | Entered Level 5 of the Dungeon
  2107 | D:5      | Noticed a vampire
  2112 | D:5      | Killed a vampire
  2113 | D:5      | Reached skill level 6 in Spellcasting
  2113 | D:5      | Reached XP level 8. HP: 55/58 MP: 0/0
  2186 | D:5      | Found a staircase to the Ecumenical Temple.
  2206 | Temple   | Entered the Ecumenical Temple
  2500 | D:5      | Found a burning altar of Makhleb.
  2546 | D:5      | Found a hazy altar of Hepliaklqana.
  2546 | D:5      | Found a faded altar of an unknown god.
  2553 | D:5      | Found a blossoming altar of Fedhas.
  2557 | D:5      | Found a white marble altar of Elyvilon.
  2650 | D:5      | Reached skill level 5 in Fighting
  3185 | D:6      | Reached skill level 7 in Spellcasting
  3185 | D:6      | Reached XP level 9. HP: 59/66 MP: 0/0
  3185 | D:6      | Learned a level 3 spell: Vampiric Draining
  3665 | D:6      | Reached skill level 1 in Evocations
  4202 | D:7      | Found a transporter.
  4281 | D:7      | Reached skill level 8 in Spellcasting
  4314 | D:7      | Noticed a manticore
  4315 | D:7      | Noticed angelusfrater's ghost (novice FoFi)
  4343 | D:7      | Found Vooqix's Magic Scroll Shop.
  4359 | D:7      | Reached skill level 1 in Shields
  4370 | D:7      | Bought a scroll of identify for 28 gold pieces
  4370 | D:7      | Bought a scroll of identify for 28 gold pieces
  4370 | D:7      | Bought a scroll of identify for 28 gold pieces
  4370 | D:7      | Bought a scroll of magic mapping for 105 gold pieces
  4370 | D:7      | Bought a scroll of identify for 28 gold pieces
  4370 | D:7      | Bought a scroll of immolation for 56 gold pieces
  4423 | D:7      | Reached XP level 10. HP: 71/75 MP: 0/0
  4745 | D:7      | Found a transporter.
  4928 | D:8      | Found a hide-covered altar of Uskayaw.
  4929 | D:8      | Found a shimmering altar of Xom.
  5117 | D:8      | Reached skill level 9 in Spellcasting
  5418 | D:8      | Found a flagged portal.
  5426 | Bailey   | Entered a bailey
  5595 | Bailey   | Noticed Prince Ribbit
  5596 | Bailey   | Noticed a vault guard
  5602 | Bailey   | Killed Prince Ribbit
  5611 | Bailey   | Killed a vault guard
  5612 | Bailey   | Reached XP level 11. HP: 40/82 MP: 0/0
  5612 | Bailey   | Learned a level 5 spell: Yara's Violent Unravelling
  5629 | Bailey   | Noticed a vault guard
  5652 | Bailey   | Killed a vault guard
  5653 | Bailey   | Reached skill level 5 in Shields
  5925 | D:9      | Reached skill level 10 in Spellcasting
  6361 | D:9      | Noticed Joseph
  6361 | D:9      | Noticed a two-headed ogre
  6386 | D:9      | Killed Joseph
  6441 | D:9      | HP: 4/84 [two-headed ogre/+0 giant club (10)]
  6443 | D:9      | Killed a two-headed ogre
  6823 | D:10     | Entered Level 10 of the Dungeon
  6933 | D:10     | Noticed a two-headed ogre
  6945 | D:10     | Killed a two-headed ogre
  7008 | D:10     | Identified the +0 pair of gloves "Uzips" {rN+ Str+3}
  7193 | D:10     | Reached * piety under Ashenzari
  7207 | D:10     | Noticed a two-headed ogre
  7235 | D:10     | Killed a two-headed ogre
  7236 | D:10     | Reached XP level 12. HP: 84/93 MP: 0/0
  7248 | D:10     | Reached skill level 11 in Spellcasting
  7450 | D:10     | Noticed a two-headed ogre
  7456 | D:10     | Killed a two-headed ogre
  7485 | D:10     | Noticed a two-headed ogre
  7491 | D:10     | Killed a two-headed ogre
  7927 | D:11     | Reached skill level 10 in Fighting
  7927 | D:11     | Reached skill level 1 in Armour
  7954 | D:11     | Found a staircase to the Orcish Mines.
  7988 | D:11     | Found a transporter.
  8008 | D:11     | Noticed a two-headed ogre
  8012 | D:11     | Killed a two-headed ogre
  8013 | D:11     | Found a transporter.
  8015 | D:11     | Found a transporter.
  8017 | D:11     | Found a transporter.
  8019 | D:11     | Reached ** piety under Ashenzari
  8105 | D:11     | Noticed a two-headed ogre
  8111 | D:11     | Killed a two-headed ogre
  8481 | D:11     | Found a staircase to the Lair.
  8740 | Lair:1   | Entered Level 1 of the Lair of Beasts
  8808 | Lair:1   | Found a frozen archway.
  8818 | IceCv    | Entered an ice cave
  8989 | Lair:1   | Noticed a seven-headed hydra
  9002 | Lair:1   | Killed a seven-headed hydra
  9003 | Lair:1   | Reached skill level 12 in Spellcasting
  9124 | Lair:1   | Reached XP level 13. HP: 78/103 MP: 0/0
  9124 | Lair:1   | Learned a level 5 spell: Manifold Assault
  9975 | Lair:2   | Found a staircase to the Snake Pit.
 10140 | Lair:2   | Reached skill level 5 in Evocations
 10163 | Lair:2   | Reached skill level 13 in Spellcasting
 10293 | Lair:2   | Reached skill level 5 in Dodging
 10398 | Lair:2   | Found a staircase to the Shoals.
 10923 | Lair:3   | Reached XP level 14. HP: 87/112 MP: 0/0
 11170 | Lair:3   | Found a transporter.
 11440 | Lair:3   | Found a transporter.
 11800 | Lair:4   | Reached skill level 14 in Spellcasting
 12023 | Lair:4   | Identified Sif Muna's Catalogue of the Petrous Arsonist
 12276 | Orc:1    | Entered Level 1 of the Orcish Mines
 12346 | Orc:2    | Entered Level 2 of the Orcish Mines
 12346 | Orc:2    | Found a staircase to the Elven Halls.
 12355 | Orc:1    | Found a transporter.
 12364 | Orc:1    | Noticed Zeld's ghost (journeyman MiBe)
 12397 | Orc:1    | Found a bloodstained altar of Trog.
 12575 | Orc:1    | Identified the +1 dagger of Giucsu {drain, rF+ Int+6}
 12581 | Orc:1    | Found a transporter.
 12933 | Orc:2    | Noticed Josephine
 12957 | Orc:2    | Killed Josephine
 13024 | Orc:2    | Paralysed by an orc sorcerer for 2 turns
 13145 | Orc:2    | Noticed a stone giant
 13146 | Orc:2    | Noticed Azrael
 13155 | Orc:2    | Killed Azrael
 13160 | Orc:2    | Reached XP level 15. HP: 81/120 MP: 0/0
 13160 | Orc:2    | Learned a level 6 spell: Eringya's Noxious Bog
 13162 | Orc:2    | Killed a stone giant
 13194 | Orc:2    | Noticed an orc warlord
 13202 | Orc:2    | Killed an orc warlord
 13399 | Orc:2    | Found Veguec's Book Boutique.
 13401 | Orc:2    | Found Vydal's Distillery.
 13407 | Orc:2    | Bought 2 potions of heal wounds for 140 gold pieces
 13407 | Orc:2    | Bought a potion of curing for 42 gold pieces
 13407 | Orc:2    | Bought a potion of brilliance for 56 gold pieces
 13427 | Orc:2    | Found Kiunti's Jewellery Shoppe.
 13432 | Orc:2    | Bought a +6 ring of intelligence for 468 gold pieces
 13529 | Orc:2    | Found a runed translucent gate.
 13577 | Orc:2    | Found a runed translucent gate.
 13577 | Orc:2    | Found a runed translucent gate.
 13580 | Orc:2    | Noticed groovy9's ghost (journeyman MiHu)
 13759 | Orc:2    | Found Romor's Antique Armour Shop.
 13982 | Orc:2    | Killed groovy9's ghost
 14011 | Orc:2    | Identified Myrumol's Collected Works on the Voltaic
                  | Volcanoes (You found it on level 7 of the Dungeon)
 14145 | Snake:1  | Entered Level 1 of the Snake Pit
 14181 | Snake:1  | Reached skill level 15 in Spellcasting
 14398 | Snake:1  | Found Lixt's Armour Emporium.
 14400 | Snake:1  | Found Komir's Distillery.
 14402 | Snake:1  | Found Amoecim's Jewellery Emporium.
 14906 | Snake:2  | Reached XP level 16. HP: 120/129 MP: 0/0
 15029 | Snake:2  | Found Zyganlet's Antique Armour Shoppe.
 15382 | Orc:2    | Bought the ring of Gaonuruq {Ice Str+5 Dex+4} for 661 gold
                  | pieces
 15384 | Orc:2    | Reached *** piety under Ashenzari
 15543 | Snake:2  | Reached skill level 16 in Spellcasting
 15683 | Snake:2  | Found Diulodd's Book Emporium.
 15684 | Snake:2  | Found Wimed's Jewellery Shop.
 15685 | Snake:2  | Found Saowi's Book Emporium.
 16329 | Snake:3  | Reached skill level 15 in Fighting
 16449 | Snake:3  | Found a runed translucent door.
 16915 | Snake:4  | Entered Level 4 of the Snake Pit
 16925 | Snake:4  | Reached XP level 17. HP: 124/137 MP: 0/0
 16925 | Snake:4  | Learned a level 6 spell: Dispersal
 17010 | Snake:4  | Noticed Aizul
 17017 | Snake:4  | Killed Aizul
 17038 | Snake:4  | Reached skill level 1 in Long Blades
 17038 | Snake:4  | Reached skill level 17 in Spellcasting
 17760 | Snake:4  | HP: 5/139 [shock serpent/bolt of electricity (20)]
 17761 | Snake:4  | Killed from afar by a shock serpent

Illustrated notes

Levels and vault maps discovered:
D:1:      dpeg_arrival_long_road, layout_rooms,
          hellmonk_ecumenical_altar_inner_sanctum
D:2:      layout_rooms
D:3:      layout_rooms
D:4:      layout_loops_ring, minitemple
D:5:      layout_basic, general_overflow_altar,
          chequers_temple_overflow_minitemple, minmay_temple_entry_overgrown
D:6:      layout_layer_cave, grunt_ministairs_4
D:7:      layout_cave_pools, serial_shops, nicolae_shop_hallway_stairs,
          nzn_ghost_randoct, minmay_a_box_with_orc_wizards_in_it
D:8:      layout_loops_ring, mainiacjoe_overflow_divided_tiny, enter_bailey_4
D:9:      layout_long_grid, uniq_joseph
D:10:     layout_basic
D:11:     layout_gridville, david_lair_shrubbed, orc_0_dummy,
          nicolae_diode_intersection
Temple:   nicolae_temple_superstar
Lair:1:   layout_hall_layers, portal_ice_cave_entry_pillars_2, minivault_25,
          cheibrodos_lair_lostbears, grunt_megastairs_5, serial_bayou_shore_a
Lair:2:   layout_hall_layers, elwin_shoals_entry_stream,
          guppyfry_snake_entry_island
Lair:3:   gammafunk_cloud_chamber, layout_cave_shapes, beast_lair_carwin_1
Lair:4:   lemuel_slime, layout_misc_corridors, minmay_hedge_maze,
          infiniplex_staircase_pool_2, lemuel_fruit_tree
Snake:1:  layout_rooms, minmay_shop_star
Snake:2:  layout_gridlike, serial_shops, nicolae_shop_overgrown_old_shop,
          nrook_guardian_serpent_ordinary, serial_bayou_shore_b,
          minmay_shop_grove
Snake:3:  layout_basic, lightli_airlock
Snake:4:  snake_pit_salamanders_mu, layout_cave_pods, drop_trap, uniq_aizul
Orc:1:    layout_diamond_mine, gammafunk_ghost_wrathful_warriors
Orc:2:    hellmonk_orc_salted, layout_caves, gammafunk_ghost_necromancy,
          nicolae_volcano_entry_two_sided, uniq_azrael, uniq_josephine

Skill      XL: |  1  2  3  4  5  6  7  8  9 10 11 12 13 14 15 16 17 |
---------------+----------------------------------------------------+-----
Fighting       | 1 2 3 4 5 6 8 9 10 11 12 14 15 | 15.9
Spellcasting   | 4 5 6 7 8 9 10 12 13 14 15 16 17 | 17.6
Dodging        | 3 4 5 8 |  8.7
Evocations     | 2 5 |  5.0
Shields        | 1 4 6 7 8 |  8.7
Armour         | 2 |  2.9
Long Blades    | 4 |  4.2
Stealth        | |  1.5

Action                   |  1- 3 |  4- 6 |  7- 9 | 10-12 | 13-15 | 16-18 || total
-------------------------+-------+-------+-------+-------+-------+-------++-------
Melee: Trident           |       |       |    17 |     1 |       |       ||    18
       Long sword        |       |       |       |     8 |    21 |       ||    29
       Scimitar          |       |       |       |       |    63 |    68 ||   131
Throw: Throwing net      |       |       |       |       |     1 |       ||     1
 Cast: Magic Dart        |    80 |    81 |   106 |   164 |   217 |    56 ||   704
       Searing Ray       |     1 |     1 |     5 |    25 |    60 |    36 ||   128
       Iskenderun's Myst |       |     7 |    27 |   144 |   243 |   176 ||   597
       Fulminant Prism   |       |     2 |    22 |    56 |   124 |    52 ||   256
       Slow              |       |       |       |     1 |     2 |     1 ||     4
       Manifold Assault  |       |       |       |       |    23 |    23 ||    46
       Portal Projectile |       |       |       |       |     1 |       ||     1
       Eringya's Noxious |       |       |       |       |     4 |     1 ||     5
Invok: Curse Item        |       |       |     1 |     2 |       |     1 ||     4
       Shatter the Chain |       |       |       |       |       |     1 ||     1
  Use: Scroll            |       |       |    12 |     8 |     4 |     3 ||    27
       Potion            |       |       |       |     4 |     6 |     1 ||    11
Armor: Robe              |     2 |     3 |     5 |    27 |       |       ||    37
       Troll leather arm |       |       |       |     3 |    33 |    12 ||    48
Dodge: Dodged            |     2 |     6 |    20 |    43 |    91 |    66 ||   228
Block: Kite shield       |       |       |     1 |    61 |    97 |    37 ||   196
       Tower shield      |       |       |       |       |       |    99 ||    99
